Map: Orbital Shipyard

Players

iNuYasha - Winner!

  • Race: Terran Terran
  • League: Silver

Rattenstramm

  • Race: Protoss Protoss
  • League: Silver

VOD

Have the link to the VOD?

Description

take nice fight when i'm way behind and win :0

Time

  • Played on: Oct. 22, 2015, 12:48 a.m.
  • Length: 17:00
Show
View Real Time Build Order
Export as new Build Order

iNuYasha Terran - Winner!

Build Orders: MMM Bio 

Get SALT Encoding   

  12  0:01  SCV  
  13  0:13  SCV  
  14  0:18  Supply Depot  
  14  0:25  SCV  
  15  0:40  SCV  
  16  0:43  Barracks  
  16  0:52  SCV  
  17  1:04  SCV  
  18  1:16  Command Center  
  18  1:19  SCV  
  19  1:32  SCV  
  20  1:33  Marine  
  20  1:39  Refinery  
  21  1:54  Supply Depot, Orbital Command  
  21  1:56  Marine  
  22  2:22  Barracks  
  22  2:26  SCV  
  22  2:28  Barracks  
  22  2:29  Refinery  
  23  2:34  Orbital Command  
  23  2:36  Barracks Reactor  
  23  2:41  SCV  
  24  3:02  SCV  
  25  3:10  Barracks Tech Lab  
  25  3:11  Factory  
  25  3:13  Marine x2  
  25  3:17  Barracks Reactor  
  25  3:19  SCV  
  28  3:28  Engineering Bay, Marine  
  28  3:31  Marine  
  30  3:39  Stimpack  
  30  3:42  SCV x2  
  30  3:47  Marine x2  
  34  3:49  Marine  
  34  3:54  SCV x2  
  37  3:56  Engineering Bay  
  37  3:59  Refinery  
  37  4:01  Marine x2  
  39  4:04  Marine, Widow Mine  
  39  4:06  SCV x2  
  44  4:12  Starport  
  44  4:13  Marine  
  45  4:18  SCV  
  45  4:22  Terran Infantry Weapons Level 1  
  46  4:30  Supply Depot  
  46  4:33  Supply Depot, SCV x2  
  46  4:34  Marine  
  49  4:39  Widow Mine  
  49  4:44  Terran Infantry Armor Level 1  
  51  4:45  SCV x2  
  51  4:47  Marine  
  51  4:51  Marine  
  55  4:55  Medivac  
  55  4:58  SCV  
  55  4:59  Marine x3  
  61  5:08  Supply Depot  
  61  5:09  Supply Depot  
  61  5:13  Marine x2  
  61  5:14  Factory Reactor  
  63  5:18  Marine x2  
  63  5:19  Marine  
  66  5:26  Medivac  
  68  5:33  Marine x2  
  70  5:36  Marine x3  
  70  5:37  Supply Depot, SCV  
  70  5:40  Supply Depot  
  74  5:51  Marine x2  
  74  5:54  Marine  
  77  6:07  Factory Reactor  
  77  6:08  Marine x3  
  80  6:13  Barracks  
  80  6:17  Command Center, Barracks  
  80  6:38  Marine  
  80  6:39  Marine x4  
  65  6:56  Marine x2  
  65  6:57  Marine x3  
  70  7:09  Armory  
  70  7:11  SCV x2  
  70  7:14  Medivac x2, Marine x3  
  70  7:15  Marine x2  
  81  7:17  Widow Mine  
  83  7:23  SCV  
  84  7:32  Marine x3  
  84  7:33  Marine x2  
  88  7:50  Marine x3  
  91  7:55  Marine x2  
  91  7:57  SCV x2  
  81  8:08  Marine x2  
  72  8:23  Marine  
  72  8:24  Marine x2  
  67  8:31  Marine x2  
  68  8:35  Barracks Reactor x2  
  68  8:36  Medivac x2  
  68  8:37  Widow Mine x2  
  76  8:41  Marine x2  
  76  8:42  Marine  
  79  8:49  Orbital Command  
  79  8:53  SCV  
  79  8:54  SCV, Marine  
  79  8:55  Marine  
  83  8:59  Marine x2  
  83  9:00  Marauder  
  87  9:05  Widow Mine, Terran Infantry Weapons Level 2, Terran Infantry Armor Level 2  
  87  9:06  SCV  
  87  9:07  SCV  
  87  9:09  Combat Shields  
  91  9:12  Medivac x2  
  91  9:14  Marine x2  
  91  9:15  Orbital Command  
  97  9:17  Marine x2  
  97  9:18  Marine x2  
  97  9:19  Marine x2  
  97  9:21  Marauder  
  105  9:24  SCV  
  105  9:29  Widow Mine  
  108  9:32  Marine x2  
  108  9:34  Widow Mine  
  108  9:35  Marine x2  
  108  9:36  Marine  
  115  9:43  Marauder  
  117  9:48  Refinery  
  117  9:54  SCV x3, Supply Depot, Medivac  
  117  9:57  Supply Depot  
  117  9:59  Marine x2  
  123  10:00  Marine  
  123  10:04  Marauder  
  123  10:06  SCV x3  
  124  10:18  SCV  
  125  10:21  Bunker, Marine  
  125  10:22  Marine x2  
  125  10:24  Bunker  
  128  10:29  Marine x3  
  128  10:31  Marauder  
  128  10:34  Viking x2  
  136  10:52  Marauder  
  136  10:53  Marine x4  
  136  10:54  Marine x4  
  146  11:11  Viking x2, Marine x5  
  148  11:12  Marine x2  
  157  11:20  Marine  
  157  11:21  Marauder  
  142  11:29  Marine  
  142  11:30  Marine x6  
  149  11:38  Marine  
  150  11:42  Marauder  
  150  11:46  Marine  
  153  11:48  Marine x4  
  152  12:04  Marauder  
  136  12:22  Marine  
  136  12:23  Marine x7  
  136  12:25  Marauder  
  122  12:40  Marine x3  
  122  12:41  Marine x5  
  120  12:46  Marauder  
  112  12:58  Marine x3  
  106  12:59  Marine x2  
  104  13:07  Marine x3  
  104  13:08  Marauder  
  89  13:20  Marine x5  
  89  13:24  Marine  
  89  13:29  Marauder  
  91  13:37  Marine x3  
  91  13:38  Marine x4  
  98  13:42  Marine  
  99  13:51  Marauder  
  99  13:55  Marine x2  
  103  14:01  Marine x6  
  109  14:06  Concussive Shells  
  109  14:09  Widow Mine x2  
  109  14:12  Marauder  
  109  14:13  Marine x2  
  117  14:18  Marine  
  118  14:28  Marine x4  
  118  14:29  Marine  
  118  14:30  Marine  
  118  14:31  Marine  
  125  14:33  Marauder  
  125  14:36  Marine  
  125  14:46  Marine x3  
  128  14:53  Marine  
  128  14:54  Marine x4  
  128  14:55  Marauder  
  135  15:03  Marine  
  136  15:08  Marine x2  
  136  15:11  Marine  
  136  15:12  Marine x2  
  138  15:16  Marauder  
  140  15:37  Marauder  
  117  15:43  Marine x6  
  117  15:44  Marine x2  
  108  15:59  Marauder  
  108  16:01  Marine x8  
  102  16:18  Marine  
  102  16:20  Marauder  
Show
View Real Time Build Order
Export as new Build Order

Rattenstramm Protoss 

Build Orders: 1 Gate Expand 

Get SALT Encoding   

  12  0:01  Probe (Chrono Boost)  
  13  0:11  Probe (Chrono Boost)  
  14  0:17  Pylon  
  14  0:22  Probe (Chrono Boost)  
  16  0:35  Probe (Chrono Boost)  
  16  0:36  Gateway  
  16  0:46  Probe (Chrono Boost)  
  17  1:08  Nexus  
  17  1:25  Cybernetics Core  
  17  1:27  Assimilator  
  17  1:31  Assimilator  
  17  1:32  Probe (Chrono Boost)  
  18  1:42  Zealot  
  18  1:43  Probe (Chrono Boost)  
  21  1:53  Probe (Chrono Boost)  
  22  2:01  Pylon  
  22  2:04  Probe (Chrono Boost)  
  23  2:09  Warp Gate (Chrono Boost)  
  23  2:20  Zealot  
  24  2:23  Probe (Chrono Boost)  
  24  2:24  Probe (Chrono Boost)  
  26  2:34  Probe  
  26  2:35  Probe  
  28  2:38  Gateway  
  28  2:44  Probe  
  28  2:47  Probe  
  28  2:50  Sentry  
  32  2:55  Probe  
  33  2:59  Probe  
  34  3:05  Probe  
  34  3:10  Gateway  
  34  3:11  Probe  
  36  3:13  Pylon  
  36  3:16  Probe  
  37  3:23  Probe  
  37  3:26  Probe  
  39  3:35  Probe  
  39  3:37  Probe  
  41  3:47  Probe  
  41  3:48  Probe  
  42  3:54  Pylon  
  43  3:55  Pylon  
  43  3:58  Probe  
  43  3:59  Probe, Nexus  
  45  4:05  Assimilator  
  45  4:09  Probe, Assimilator  
  45  4:11  Probe  
  45  4:14  Pylon  
  47  4:19  Probe, Pylon  
  47  4:22  Stalker x3  
  47  4:23  Probe  
  55  4:40  Gateway  
  55  4:42  Gateway, Probe  
  55  4:43  Probe  
  57  4:49  Sentry x3  
  57  4:52  Probe  
  63  4:55  Probe  
  65  5:03  Probe  
  66  5:07  Probe  
  66  5:09  Forge  
  66  5:11  Forge  
  67  5:14  Forge  
  67  5:15  Twilight Council  
  67  5:16  Pylon  
  67  5:20  Stalker x2  
  71  5:22  Pylon  
  71  5:25  Probe x2  
  71  5:26  Probe  
  74  5:35  Probe  
  74  5:38  Probe  
  74  5:40  Probe  
  77  5:46  Probe  
  78  5:50  Probe  
  78  5:51  Probe  
  78  5:52  Protoss Ground Weapons Level 1 (Chrono Boost)  
  78  5:53  Protoss Ground Armor Level 1 (Chrono Boost)  
  80  5:58  Protoss Shields Level 1 (Chrono Boost)  
  80  6:03  Assimilator  
  80  6:08  Assimilator  
  80  6:09  Pylon  
  80  6:11  Pylon  
  80  6:14  Pylon  
  80  6:20  Zealot x3  
  80  6:21  Zealot x2  
  82  6:44  Zealot x3  
  82  6:45  Zealot x2  
  80  7:00  Probe x3  
  83  7:06  Zealot x3  
  89  7:11  Pylon  
  89  7:12  Probe x2, Pylon  
  91  7:19  Charge  
  89  7:30  Zealot x2  
  89  7:31  Zealot  
  89  7:46  Stalker x2  
  93  7:57  Zealot x3  
  83  8:15  Stalker x2  
  83  8:17  Stalker x2  
  83  8:18  Stalker  
  77  8:27  Pylon  
  77  8:29  Pylon  
  77  8:31  Pylon  
  77  8:32  Robotics Facility  
  77  8:33  Pylon, Robotics Facility  
  75  8:35  Robotics Facility  
  75  8:37  Pylon  
  75  8:42  Stalker x5  
  84  8:54  Gateway  
  84  8:56  Gateway  
  84  8:59  Gateway  
  84  9:02  Gateway  
  84  9:06  Protoss Ground Armor Level 2 (Chrono Boost), Protoss Ground Weapons Level 2 (Chrono Boost)  
  84  9:08  Protoss Shields Level 2 (Chrono Boost)  
  84  9:16  Zealot x2  
  88  9:17  Zealot x3  
  94  9:24  Pylon  
  94  9:28  Observer x3  
  94  9:30  Pylon  
  97  9:32  Pylon  
  97  9:34  Pylon  
  97  9:37  Zealot  
  99  9:38  Zealot x2  
  99  9:39  Zealot x2  
  99  9:43  Blink  
  107  9:59  Zealot x3  
  113  10:00  Zealot x4  
  113  10:01  Zealot x2  
  113  10:21  Zealot x4  
  115  10:22  Zealot x5  
  131  10:38  Pylon  
  131  10:44  Pylon  
  114  10:54  Stalker x4  
  114  10:55  Stalker x3  
  114  10:56  Stalker x2  
  132  11:19  Stalker x4  
  132  11:20  Stalker x4  
  132  11:21  Stalker  
  150  11:36  Immortal x3 (Chrono Boost)  
  124  12:13  Immortal x2 (Chrono Boost)  
  124  12:14  Stalker x5, Immortal (Chrono Boost)  
  124  12:15  Stalker x4  
  132  12:47  Immortal x2 (Chrono Boost)  
  92  13:27  Stalker  
  92  13:28  Stalker x5  
  92  13:29  Stalker x2  
  92  13:30  Stalker  
  108  14:06  Sentry x6  
  108  14:07  Sentry x3  
  126  14:10  Nexus, Pylon  
  126  14:11  Pylon  
  126  14:17  Pylon  
  126  14:20  Assimilator  
  124  14:25  Assimilator  
  124  14:30  Sentry x2  
  124  14:31  Sentry x6  
  132  14:32  Sentry  
  132  14:36  Nexus  
  132  14:37  Pylon  
  142  14:40  Pylon  
  142  14:42  Assimilator  
  142  14:47  Assimilator  
  142  14:52  Pylon  
  142  15:25  Sentry x4  
  142  15:27  Sentry  
  152  15:35  Pylon  
  152  15:37  Pylon  
  152  15:41  Pylon  
  134  15:43  Pylon  
  114  15:53  Stalker x2  
  114  15:54  Stalker x3  
  70  16:17  Stalker x3  
  70  16:18  Stalker x3  
  74  16:19  Stalker  
  74  16:23  Stalker  
  77  16:26  Stalker  
  79  16:42  Zealot  
  79  16:43  Zealot x5  
  79  16:45  Zealot  
  73  16:47  Zealot  
Tags
 
Add a new tag
Caveats
  • Supply blocks, unpowered buildings, or Contaminate may cause inaccurate times.
  • Supply counts are checked every 10 seconds.